 Dungeon Crawl Stone Soup version 0.28-a0-21-gf74fda84f9 (webtiles) character file.

Game seed: 8842287689214149787

21 ezpacito the Skirmisher (level 2, -1/24 HPs)
             Began as a Demonspawn Abyssal Knight on July 27, 2021.
             Was a Follower of Lugonu.
             Succumbed to a kobold's poison
             ... on level 1 of the Dungeon.
             The game lasted 00:01:02 (980 turns).

ezpacito the Skirmisher (Demonspawn Abyssal Knight)  Turns: 980, Time: 00:01:02

Health: -1/24      AC:  3    Str: 10 (12) XL:     2   Next: 65%
Magic:  3/3        EV: 11    Int: 11 (13) God:    Lugonu [*.....]
Gold:   22         SH:  0    Dex: 10 (12) Spells: 2/2 levels left

rFire   . . .      SeeInvis .   a - +1 hand axe
rCold   . . .      Faith    .   (no shield)
rNeg    . . .      Spirit   .   b - +0 leather armour
rPois   .          Reflect  .   (no helmet)
rElec   .          Harm     .   (no cloak)
rCorr   .          Rampage  .   (no gloves)
Will    .....                   (no boots)
Stlth   +.........              (no amulet)
HPRegen 0.08/turn               (no ring)
MPRegen 0.08/turn               (no ring)

@: mighty, lethally poisoned (-1 -> -8)
A: talons 1
a: Renounce Religion, Depart the Abyss


You were on level 1 of the Dungeon.
You worshipped Lugonu.
Lugonu was aware of your devotion.
You visited 1 branch of the dungeon, and saw 1 of its levels.
You visited the Abyss 1 time.

You collected 22 gold pieces.

Inventory:

Hand Weapons
 a - a +1 hand axe (weapon)
Missiles
 d - 38 stones
Armour
 b - a +0 leather armour (worn)
Wands
 e - a wand of flame (17)
Scrolls
 c - 2 scrolls of identify {unknown}
 f - a scroll of amnesia {unknown}


   Skills:
 + Level 3.1 Fighting
 * Level 2.3 Axes
 + Level 1.9 Armour
 + Level 1.1 Dodging
 + Level 0.5 Spellcasting
 + Level 2.6 Invocations


You had 2 spell levels left.
You didn't know any spells.
Your spell library contained the following spells:

 Spells                   Type           Power      Damage    Failure   Level
 Animate Skeleton         Necr           0%         N/A       41%         1
 Apportation              Tloc           0%         N/A       41%         1
 Corona                   Hex            0%         N/A       41%         1
 Summon Small Mammal      Summ           0%         N/A       41%         1


Dungeon Overview and Level Annotations

Branches:
Dungeon (1/15)

Altars:


Innate Abilities, Weirdness & Mutations

You have sharp toenails.


Message History

You feel very sick. The kobold hits you but does no damage.
You are lethally poisoned!
You hit the kobold.
The kobold is severely wounded.
You feel very sick.
The kobold hits you with a +1 dagger of venom.
You are too injured to fight recklessly!
You are too injured to fight recklessly!
You are too injured to fight recklessly!
You are too injured to fight recklessly!
You are too injured to fight recklessly!
You are too injured to fight recklessly!
You are too injured to fight recklessly!
You are too injured to fight recklessly!
You are too injured to fight recklessly!
You are too injured to fight recklessly!
You are too injured to fight recklessly!
There is a lethal amount of poison in your body!
There is a lethal amount of poison in your body!
It was a potion of cancellation.
You feel magically purged.
You feel very sick. The kobold barely misses you.
It was a potion of might.
You feel very mighty all of a sudden.
* * * LOW HITPOINT WARNING * * *
You feel very sick.
The kobold hits you with a +1 dagger of venom.
* * * LOW HITPOINT WARNING * * *
It was a potion of degeneration.
There was something very wrong with that liquid.
You feel weakened.
You feel dopey.
You feel clumsy.
* * * LOW HITPOINT WARNING * * *
You feel sick. The kobold misses you.
You hit the kobold.
You kill the kobold!
Lugonu accepts your kill.
* * * LOW HITPOINT WARNING * * *
You feel sick.
You die...

#........#. ###
#..#####.#. #..
#..#...#.#. #.#
#..#.#.#.#. #.#
#..#...#.#. #.#
#..#.....#. #.#
#..#.....#.
###.########......#.#.
#....@.....#......#.##
#.#........##.........
#.#........####..##.##
#.#........# #..##)##
#.#############..#.)..
#................#....
################.#....
^.##.## ##########...


There were no monsters in sight!

Vanquished Creatures
  2 giant cockroaches (D:1)
  4 hobgoblins (D:1)
  6 kobolds (D:1)
  A quokka (D:1)
  A ball python (D:1)
  2 bats (D:1)
  2 frilled lizards (D:1)
  4 rats (D:1)
22 creatures vanquished.

Notes
Turn   | Place    | Note
-------+----------+-------------------------------------------
     0 | Abyss:1  | ezpacito the Demonspawn Abyssal Knight began the quest for
                  | the Orb.
     0 | Abyss:1  | Reached XP level 1. HP: 18/18 MP: 2/2
    36 | Abyss:2  | Noticed a large abomination
    56 | Abyss:2  | Noticed a vampire
    57 | Abyss:2  | Noticed a green very ugly thing
    59 | D:1      | Escaped the Abyss
   145 | D:1      | Reached skill level 1 in Dodging
   358 | D:1      | Gained mutation: You have sharp toenails. [demonic
                  | ancestry]
   358 | D:1      | Reached XP level 2. HP: 24/24 MP: 3/3
   386 | D:1      | Reached * piety under Lugonu
   979 | D:1      | HP: 1/24 [poisoned by a kobold]
   980 | D:1      | Succumbed to a kobold's poison

Illustrated notes

Levels and vault maps discovered:
D:1:      dpeg_arrival_rhombi, layout_basic

Skill      XL: |  1 |
---------------+----+-----
Axes           | 2 |  2.3
Dodging        | 1 |  1.1
Fighting       | |  3.1
Armour         | |  1.9
Spellcasting   | |  0.5
Invocations    | |  2.6

Action                   || total
-------------------------++-------
Melee: Hand axe          ||    57
       Kick              ||     7
Invok: Depart the Abyss  ||     1
  Use: Potion            ||     3
Armor: Leather armour    ||    13
Dodge: Dodged            ||    39

Table legend: (Time is in decaauts)
 A = Elapsed time spent in this place.
 B = Non-inter-level travel time spent in this place.
 C = Inter-level travel time spent in this place.
 D = Time resting spent in this place.
 E = Time spent auto-exploring this place.
 F = Levels seen in this place.
 G = Mean time per level.
                   A        B        C        D        E       F      G
               +--------+--------+--------+--------+--------+-----+--------+
         Total |    990 |    990 |      0 |      0 |    830 |   3 |  330.0 |
       Dungeon |    932 |    932 |      0 |      0 |    803 |   1 |  932.0 |
         Abyss |     58 |     58 |      0 |      0 |     27 |   2 |   29.0 |
               +--------+--------+--------+--------+--------+-----+--------+

Top non-repeatable levels by time:
     D:1: 932 daAuts
 Abyss:2: 34 daAuts
 Abyss:1: 24 daAuts
